 Dungeon Crawl Stone Soup version 0.29.0-4-gdea44cf6ec (webtiles) character file.

Game seed: 17482370404619647430

1 qw the Grasshopper (level 1, -3/12 HPs)
             Began as a Tengu Warper on Aug 28, 2022.
             Slain by a gnoll
             ... wielding a +0 whip
              (8 damage)
             ... on level 2 of the Dungeon.
             The game lasted 00:00:00 (67 turns).

qw the Grasshopper (Tengu Warper)                     Turns: 67, Time: 00:00:00

Health: -3/12      AC:  3    Str: 11    XL:     1   Next: 20%
Magic:  4/4        EV: 11    Int: 13    God:
Gold:   0          SH:  0    Dex: 13    Spells: 4/4 levels left

rFire   . . .      SeeInvis .   a - +0 hand axe
rCold   . . .      Faith    .   (no shield)
rNeg    . . .      Spirit   .   b - +0 leather armour
rPois   .          Reflect  .   (helmet restricted)
rElec   .          Harm     .   (no cloak)
rCorr   .          Rampage  .   (no gloves)
Will    .....                   (boots unavailable)
Stlth   +.........              (no amulet)
HPRegen 0.04/turn               (no ring)
MPRegen 0.09/turn               (no ring)

@: no status effects
A: beak, talons 3
a: no special abilities


You were on level 2 of the Dungeon.
You visited 1 branch of the dungeon, and saw 2 of its levels.


Innate Abilities, Weirdness & Mutations

You have a beak for a mouth.
You have claws for feet.


   Skills:
 - Level 2.0 Fighting
 + Level 2.3 Axes
 - Level 1.0 Throwing
 - Level 1.1 Armour
 - Level 2.1 Dodging
 - Level 2.0 Spellcasting
 - Level 2.4 Translocations


You had 4 spell levels left.
You didn't know any spells.
Your spell library contained the following spells:

 Spells                   Type           Power      Damage    Failure   Level
 Blink                    Tloc           14%        N/A       19%         2
 Gell's Gravitas          Tloc           7%         N/A       36%         3
 Lesser Beckoning         Tloc           7%         N/A       36%         3
 Teleport Other           Tloc           7%         N/A       36%         3
 Manifold Assault         Tloc           7%         N/A       98%         5

Inventory:

Hand Weapons
 a - a +0 hand axe (weapon)
Missiles
 d - 5 boomerangs of dispersal (quivered)
Armour
 b - a +0 leather armour (worn)
Scrolls
 c - a scroll of blinking
 e - a scroll of amnesia {unknown}

Dungeon Overview and Level Annotations

Branches:
Dungeon (1/15)

Altars:


Message History

You kill the hobgoblin!
e - a scroll labelled INIT LIZUOSEN An adder comes into view.
Found a stone staircase leading up.
The adder hisses angrily.
You miss the adder. Your kick misses the adder. The adder barely misses you.
The adder closely misses you.
You closely miss the adder. Your kick misses the adder.
The adder bites you but does no damage.
You barely miss the adder. Your peck misses the adder. The adder bites you.
A gnoll comes into view. It is wielding a +0 whip.
The adder barely misses you.
The gnoll shouts!
You hit the adder.
The adder is lightly wounded.
The adder bites you but does no damage.
You barely miss the adder. You claw the adder, but do no damage.
The adder is lightly wounded.
The adder bites you.
A frilled lizard comes into view.
The adder barely misses you.
The frilled lizard hisses angrily.
You hit the adder. Your kick misses the adder.
The adder is moderately wounded.
You hear a shout!
The adder barely misses you.
You hit the adder. Your kick misses the adder.
The adder is heavily wounded.
The adder bites you.
A gnoll comes into view. It is wielding a +0 spear.
A gnoll comes into view. It is wielding a +0 flail.
The adder bites you.
You miss the adder.
The gnoll shouts!
Your kick misses the adder.
The adder is heavily wounded.
The adder bites you. The gnoll hits you with a +0 whip!
Ouch! That really hurt!
You die...

#.# ## ##.. #. ...
#####.# #.### .....<.
#...# #..... ###.# .
#..... ######.# ..
##....S######...##|##.#
..g.l!g@...#.....#....#.
..g....###..............
....### ##.............
..# #.......####.. .
##.....## ## #.......###
#.........#
#.......#...#
##.....####..


You could see 3 gnolls, an adder and a frilled lizard.

Vanquished Creatures
  A hobgoblin (D:2)
1 creature vanquished.

Notes
Turn   | Place    | Note
-------+----------+-------------------------------------------
     0 | D:1      | qw the Tengu Warper began the quest for the Orb.
     0 | D:1      | Reached XP level 1. HP: 12/12 MP: 4/4
     0 | D:1      | 0 ||| qw: Version: 0.1-a-89-g26bdef1
     0 | D:1      | 0 ||| qw: Game counter: 1556
     0 | D:1      | 0 ||| qw: Always use a shield: true
     0 | D:1      | 0 ||| qw: God list: Okawaru
     0 | D:1      | 0 ||| qw: Allow faded altars: false
     0 | D:1      | 0 ||| qw: Do Orc after D:15 true
     0 | D:1      | 0 ||| qw: Do second Lair branch before Depths: true
     0 | D:1      | 0 ||| qw: Lair rune preference: random
     0 | D:1      | 0 ||| qw: Plans: Normal
     0 | D:1      | 0 ||| PLANNING D:1-11
    32 | D:1      | You fall into a shaft and drop 1 floor!
    67 | D:2      | Slain by a gnoll

Levels and vault maps discovered:
D:1:      dpeg_arrival_snail, layout_rooms, ebering_ecumenical_altar_box,
          minmay_hexomino_r4
D:2:      layout_rooms, basic_altar

Action                   || total
-------------------------++-------
Melee: Hand axe          ||     8
       Kick              ||     1
Throw: Boomerang         ||     2
Armor: Leather armour    ||     2
Dodge: Dodged            ||     5

Table legend:
 A = Non-vault XP
 B = Vault XP
 C = Vault XP percentage of total XP
 D = Non-vault monster count
 E = Vault monster count
 F = Vault count percentage of total count
                 A         B        C        D         E       F
            +---------+---------+-------+---------+---------+-------
      Total |       2 |       0 |   0.0 |       1 |       0 |   0.0
            +---------+---------+-------+---------+---------+-------
        D:2 |       2 |       0 |   0.0 |       1 |       0 |   0.0
            +---------+---------+-------+---------+---------+-------
